 Dungeon Crawl Stone Soup version 0.30-a0-939-gc8157cb160 (webtiles) character file.

Game seed: 17262597430065294839

4400 AzureAlchemist the Trooper (level 10, -2/93 HPs)
             Began as an Ogre Conjurer on Mar 25, 2023.
             Was a Follower of Hepliaklqana.
             Slain by a troll (8 damage)
             ... on level 8 of the Dungeon.
             The game lasted 00:47:46 (13491 turns).

AzureAlchemist the Trooper (Ogre Conjurer)         Turns: 13491, Time: 00:47:47

Health: -2/93      AC:  3    Str: 13    XL:     10   Next: 35%
Magic:  3/20       EV: 10    Int: 19    God:    Hepliaklqana [*.....]
Gold:   502        SH:  5    Dex: 11    Spells: 9/23 levels left

rFire   . . .      SeeInvis +    a - +0 spear (venom)
rCold   + . .      Faith    .    (no shield)
rNeg    . . .      Spirit   .    d - +0 robe
rPois   .          Reflect  +    (helmet restricted)
rElec   .          Rampage  .    (no cloak)
rCorr   .          Clarity  +    (gloves unavailable)
Will    +....                    (boots unavailable)
Stlth   ++                       m - amulet of reflection
HPRegen 0.35/turn                i - ring of protection from cold
MPRegen 0.17/turn                w - ring of see invisible

@: about to teleport
A: reduced essence, large, unfitting armour, tough skin 1, clarity
a: Renounce Religion, Recall Ancestor, Ancestor Identity


You were on level 8 of the Dungeon.
You worshipped Hepliaklqana.
Hepliaklqana was aware of your devotion.
You visited 2 branches of the dungeon, and saw 10 of its levels.
You also visited: Sewer.

You collected 502 gold pieces.

Inventory:

Hand Weapons
 a - a +0 spear of venom (weapon)
 b - a +2 sling of freezing
 t - a +0 trident of holy wrath
 C - a +0 vampiric spear
Missiles
 f - 21 poisoned darts (quivered)
 q - a throwing net
Armour
 d - a +0 robe (worn)
Magical Staves
 c - a staff of conjuration
Jewellery
 i - a ring of protection from cold (left hand)
 m - an amulet of reflection (around neck)
 w - a ring of see invisible (right hand)
Wands
 j - a wand of digging (4)
 r - a wand of flame (17)
 u - a wand of polymorph (10)
 A - a wand of quicksilver (2)
Scrolls
 e - a scroll of teleportation
 h - 3 scrolls of poison
 p - 2 scrolls of amnesia
 v - a scroll of magic mapping
 y - a scroll of fog {unknown}
 B - a scroll of noise {unknown}
 D - a scroll of enchant armour {unknown}
 F - 2 scrolls of identify
Potions
 g - 2 potions of might
 k - 2 potions of flight {unknown}
 l - 3 potions of mutation
 n - 2 potions of attraction {unknown}
 o - a potion of experience {unknown}
 s - a potion of brilliance {unknown}
 x - 3 potions of degeneration {unknown}
 z - a potion of berserk rage {unknown}
 E - a potion of invisibility {unknown}


   Skills:
 + Level 7.9 Fighting
 - Level 1.7 Dodging
 - Level 1.4 Stealth
 - Level 7.0 Spellcasting
 - Level 7.0 Conjurations
 - Level 4.0 Hexes
 - Level 6.0 Translocations
 - Level 3.0 Transmutations
 - Level 3.0 Fire Magic
 - Level 3.0 Poison Magic


You had 9 spell levels left.
You knew the following spells:

 Your Spells              Type           Power      Damage    Failure   Level
a - Magic Dart            Conj           100%       1d8       1%          1
b - Searing Ray           Conj           66%        2d6       1%          2
c - Fulminant Prism       Conj/Hex       13%        3d8       11%         4
d - Iskenderun's Mystic   Conj/Tloc      31%        2d8       7%          4
e - Ignite Poison         Fire/Tmut/Pois 18%        N/A       9%          3

Your spell library contained the following spells:

 Spells                   Type           Power      Damage    Failure   Level
 Blink                    Tloc           58%        N/A       1%          2
 Shock                    Conj/Air       76%        1d7       2%          1
 Dazzling Flash           Conj/Hex       54%        N/A       3%          3
 Vhi's Electric Charge    Tloc/Air       36%        N/A       9%          3
 Manifold Assault         Tloc           29%        N/A       9%          4
 Sticky Flame             Conj/Fire      25%        2d5       13%         4
 Ozocubu's Armour         Ice            6%         N/A       30%         3
 Swiftness                Air            6%         N/A       30%         3
 Arcjolt                  Conj/Air       9%         1d19      54%         5
 Airstrike                Air            3%         2d(1-17)  69%         4
 Ozocubu's Refrigeration  Ice            3%         4d8       100%        7
 Storm Form               Tmut/Air       6%         N/A       100%        7
 Ignition                 Fire           9%         3d5       100%        8
 Maxwell's Capacitive Co  Air            3%         ∞         100%        8


Dungeon Overview and Level Annotations

Branches:
Dungeon (9/15)             Temple (1/1) D:7             Orc (0/2) D:9
  Sewer (visited)
   Lair: D:8-11

Altars:
Ashenzari
Cheibriados
Dithmenos
Elyvilon
Fedhas
Gozag
Hepliaklqana
Kikubaaqudgha
Makhleb
Nemelex Xobeh
Okawaru
Qazlal
Ru
Sif Muna
Trog
Uskayaw
Vehumet
Wu Jian
Xom
Yredelemnul
Zin
The Shining One

Shops:
D:4 ?   D:9 *

Annotations:
D:2 Natasha


Innate Abilities, Weirdness & Mutations

Your life essence is reduced to manifest your ancestor. (-10% HP)
You are too large for most types of armour.
You have tough skin. (AC +1)
You possess an exceptional clarity of mind.


Message History

Your fulminant prism crackles loudly.
The ogre zombie hits you. The troll closely misses you. The troll claws you.
The troll closely misses you.
Your fulminant prism explodes!
The blast of energy engulfs the ogre zombie!
You destroy the ogre zombie!
The blast of energy engulfs the vampire!
The vampire is severely damaged.
The blast of energy engulfs the troll!
The troll is heavily wounded.
The blast of energy engulfs the kobold!!
You kill the kobold!
The blast of energy engulfs the orc zombie!
You destroy the orc zombie!
The blast of energy engulfs the ogre zombie!!
The ogre zombie is heavily damaged.
Unknown command.
Unknown command.
Unknown command.
The troll bites you! The troll claws you! The troll barely misses you.
You climb upwards.
Your magical contamination has completely faded away.
There is a stone staircase leading down here.
You block the troll's attack. The troll claws you. x2
* * * LOW HITPOINT WARNING * * *
The troll attacks as you move away! The troll barely misses you.
The troll completely misses you. The troll barely misses you.
Okay, then.
Unknown command.
Okay, then.
Unknown command.
Okay, then.
Unknown command.
Okay, then.
Unknown command.
As you read the scroll of teleportation, it crumbles to dust.
You feel strangely unstable. The troll bites you!
* * * LOW HITPOINT WARNING * * *
The troll claws you!
You die...

##..###..# ##................#.#
##.# ##.# ##...#...........#.#
#.# #.#####..#...##...........
###.####....##......##...........
#.....#........####.##...........
...............####.##...........
................>##.######.......
...............#T##..###.........
................@###.....#.......
.......................#####.....
...........<.....................
...............#....#...)[.......
#.....#.......).........[<.######
###.###########.##.......[.#≈≈≈≈#
#.# ##.....###.....#≈.>≈# #.#
#..#.##........#≈_.≈# #.#
#.##...........#≈≈≈≈#


You could see a troll.

Vanquished Creatures
  Pikel (D:8)
  Joseph (D:8)
  Sigmund (D:2)
  A wyvern (D:9)
  4 yaks
  Grum (D:8)
  A water moccasin (D:7)
  A black bear (D:7)
  An orc warrior (D:8)
  A sky beast (D:8)
  An ice beast (D:6)
  An ogre (D:3)
  3 wolves (D:8)
  2 centaurs (D:6)
  A lemure (D:8)
  A phantom (D:9)
  2 bullfrogs
  A scorpion (D:4)
  3 wights (D:7)
  9 killer bees
  A hound (D:4)
  3 orc priests
  A sleepcap (D:5)
  4 jellies
  5 iguanas
  Natasha (twice) (D:2)
  3 orc wizards
  An ogre zombie (D:9)
  7 gnolls (D:3)
  9 adders
  A river rat (Sewer)
  A shadow imp (D:5)
  A white imp (D:6)
  5 worms
  3 dart slugs (D:2)
  11 orcs
  13 ball pythons
  19 endoplasms
  16 giant cockroaches
  11 hobgoblins
  9 jackals
  14 kobolds
  4 quokkas
  5 bats
  10 frilled lizards
  4 goblins
  A goblin zombie (D:9)
  4 orc zombies (D:9)
  12 rats
217 creatures vanquished.

Vanquished Creatures (others)
  A sky beast (D:8)
  An ancestor (D:9)
  15 fulminant prisms
  3 plants (D:1)
20 creatures vanquished.

Grand Total: 237 creatures vanquished

Notes
Turn   | Place    | Note
-------+----------+-------------------------------------------
     0 | D:1      | AzureAlchemist the Ogre Conjurer began the quest for the
                  | Orb.
     0 | D:1      | Reached XP level 1. HP: 16/16 MP: 3/3
    21 | D:1      | Found a faded altar of an unknown god.
   311 | D:1      | Reached XP level 2. HP: 24/24 MP: 4/6
   314 | D:1      | Learned a level 2 spell: Searing Ray
  1349 | D:2      | Reached XP level 3. HP: 30/31 MP: 5/8
  1459 | D:2      | Noticed Sigmund
  1651 | D:3      | Found an ornate altar of the Wu Jian Council.
  1664 | D:3      | Found a white marble altar of Elyvilon.
  1724 | D:3      | Noticed an ogre
  1801 | D:3      | Gained mutation: You possess an exceptional clarity of
                  | mind. [potion of mutation]
  1936 | D:3      | Found a snail-covered altar of Cheibriados.
  2154 | D:3      | Reached XP level 4. HP: 37/39 MP: 6/10
  2486 | D:3      | Learned a level 4 spell: Fulminant Prism
  2491 | D:3      | Learned a level 4 spell: Iskenderun's Mystic Blast
  2780 | D:3      | Killed an ogre
  2781 | D:3      | Reached XP level 5. HP: 5/45 MP: 5/11
  3200 | D:3      | Reached skill level 5 in Conjurations
  3282 | D:4      | Found Hucka's Magic Scroll Shop.
  3294 | D:4      | Reached XP level 6. HP: 40/53 MP: 9/12
  3774 | D:4      | Found a sacrificial altar of Ru.
  3905 | D:4      | Reached XP level 7. HP: 42/59 MP: 1/13
  4062 | D:4      | Found a glowing silver altar of Zin.
  4514 | D:5      | Entered Level 5 of the Dungeon
  4925 | D:5      | Learned a level 3 spell: Ignite Poison
  5274 | D:5      | Reached skill level 5 in Translocations
  6196 | D:6      | Found a glowing drain.
  6211 | Sewer    | Entered a sewer
  6704 | Sewer    | Found a viscous altar of Jiyva.
  6889 | D:6      | Found a shimmering altar of Xom.
  7025 | D:6      | Reached XP level 8. HP: 67/67 MP: 10/14
  8364 | D:2      | Noticed Natasha
  8368 | D:2      | Killed Natasha
  8562 | D:2      | Noticed Natasha
  8570 | D:2      | Killed Natasha
  8587 | D:2      | Noticed Natasha
  8748 | D:2      | Killed Sigmund
  8749 | D:2      | Reached skill level 1 in Transmutations
  8749 | D:2      | Reached skill level 1 in Fire Magic
  8749 | D:2      | Reached skill level 1 in Poison Magic
  9176 | D:7      | Found a staircase to the Ecumenical Temple.
  9195 | Temple   | Entered the Ecumenical Temple
  9349 | Temple   | Became a worshipper of Hepliaklqana the Forgotten
  9431 | D:7      | Found a broken altar of Ashenzari.
  9603 | D:7      | Reached XP level 9. HP: 54/74 MP: 6/15
 10185 | D:7      | Reached skill level 5 in Spellcasting
 10203 | D:7      | HP: 2/74 [yak (13)]
 10943 | D:7      | Found a burning altar of Makhleb.
 11173 | D:8      | Reached skill level 1 in Hexes
 11174 | D:8      | Noticed Grum
 11381 | D:8      | Found a radiant altar of Vehumet.
 11871 | D:8      | Noticed Pikel
 11896 | D:8      | Killed Pikel
 11897 | D:8      | Reached XP level 10. HP: 38/91 MP: 6/20
 12101 | D:8      | Noticed Joseph
 12403 | D:8      | Killed Joseph
 12404 | D:8      | Reached skill level 5 in Fighting
 12529 | D:8      | Killed Grum
 12830 | D:8      | Found a hide-covered altar of Uskayaw.
 12873 | D:8      | Identified the +3 leather armour of Bism {rN++}
 12874 | D:8      | Found a basalt altar of Yredelemnul.
 12880 | D:8      | Found a blossoming altar of Fedhas.
 12940 | D:8      | Found a stormy altar of Qazlal.
 12945 | D:8      | You fall into a shaft and drop 1 floor!
 12973 | D:9      | Found a sparkling altar of Nemelex Xobeh.
 12984 | D:9      | Found Ovvugg's General Store.
 13395 | D:9      | Reached * piety under Hepliaklqana
 13443 | D:9      | Noticed a molten gargoyle
 13444 | D:9      | Noticed a molten gargoyle
 13447 | D:9      | Noticed a molten gargoyle
 13459 | D:9      | Found a staircase to the Orcish Mines.
 13459 | D:9      | Noticed a two-headed ogre
 13491 | D:8      | Slain by a troll

Illustrated notes

Levels and vault maps discovered:
D:1:      lordsloth_arrival_two_stooges, layout_basic, serial_forest,
          infiniplex_forest_clump_small, infiniplex_forest_clump_long,
          infiniplex_forest_clump_large, infiniplex_forest_clump_medium,
          infiniplex_forest_straight_3, infiniplex_forest_lined_corner,
          infiniplex_forest_clump_tiny, infiniplex_forest_corner_2,
          basic_ecumenical_altar, grunt_decor_junction, bh_walls_and_bars
D:2:      minmay_roachtagon, layout_loops_ring, minivault_19, minmay_circle_x,
          uniq_sigmund, uniq_natasha
D:3:      layout_loops_cross, chei_slow_surprise, mainiacjoe_overflow_big_doors,
          hangedman_decor_peaks_small, minmay_randomly_rotated_circles
D:4:      layout_basic, nicolae_ru_sacrificial_ziggurat,
          mainiacjoe_overflow_concentric_impassable, serial_shops, shop
D:5:      layout_basic
D:6:      layout_basic, xom_teletrap_fun, cheibrodos_sewer_entry_sluice
D:7:      layout_loops_corners, lemuel_tele_altar, mainiacjoe_overflow_24_doors,
          minmay_temple_entry_glass
D:8:      layout_rooms, general_overflow_altar, grunt_temple_overflow_open,
          kennysheep_mini_moat, uniq_pikel, uniq_joseph, uniq_grum
D:9:      layout_loops_ring, mainiacjoe_overflow_paths, zombieorc2_lemuel,
          special_room [special_room_orc], serial_shops, shop_fountains,
          minivault_8, uniq_harold
Temple:   nicolae_temple_colour_theory

Skill      XL: |  1  2  3  4  5  6  7  8  9 10 |
---------------+-------------------------------+-----
Spellcasting   | 3 4 7 |  7.0
Conjurations   | 4 5 6 7 |  7.0
Translocations | 2 3 4 5 6 |  6.0
Transmutations | 2 3 |  3.0
Fire Magic     | 2 3 |  3.0
Poison Magic   | 2 3 |  3.0
Hexes          | 4 |  4.0
Fighting       | 3 7 |  7.9
Dodging        | |  1.7
Stealth        | |  1.4

Action                     |  1- 3 |  4- 6 |  7- 9 | 10-12 || total
---------------------------+-------+-------+-------+-------++-------
  Melee: Short sword       |     7 |       |       |       ||     7
         Spear             |     4 |    36 |   172 |    28 ||   240
         Punch             |       |       |     1 |       ||     1
         Trident           |       |       |     8 |       ||     8
   Fire: Shortbow          |       |       |    48 |       ||    48
         Sling             |       |       |       |     1 ||     1
  Throw: Dart              |       |    12 |    21 |       ||    33
   Cast: Magic Dart        |    24 |    18 |    23 |       ||    65
         Searing Ray       |    26 |    20 |    36 |     1 ||    83
         Iskenderun's Myst |       |     2 |    19 |     7 ||    28
         Ignite Poison     |       |       |    14 |     6 ||    20
         Fulminant Prism   |       |       |     4 |    11 ||    15
  Evoke: Wand              |       |       |     7 |       ||     7
    Use: Scroll            |     5 |     1 |     7 |     1 ||    14
         Potion            |     3 |       |     3 |     9 ||    15
   Stab: Sleeping          |       |     1 |     6 |       ||     7
 Armour: Robe              |     4 |    11 |    45 |    10 ||    70
  Dodge: Dodged            |    11 |    24 |    91 |    45 ||   171
  Block: Other             |       |       |       |     3 ||     3

Table legend: (Time is in decaauts)
 A = Elapsed time spent in this place.
 B = Non-inter-level travel time spent in this place.
 C = Inter-level travel time spent in this place.
 D = Time resting spent in this place.
 E = Time spent auto-exploring this place.
 F = Levels seen in this place.
 G = Mean time per level.
                   A        B        C        D        E       F      G
               +--------+--------+--------+--------+--------+-----+--------+
         Total |  13530 |  12893 |    637 |   3676 |   6979 |  11 | 1230.0 |
       Dungeon |  12320 |  11691 |    629 |   3185 |   6450 |   9 | 1368.9 |
        Temple |    584 |    576 |      8 |    410 |    147 |   1 |  584.0 |
         Sewer |    626 |    626 |      0 |     81 |    382 |   1 |  626.0 |
               +--------+--------+--------+--------+--------+-----+--------+

Top non-repeatable levels by time:
     D:7: 2220 daAuts
     D:3: 1920 daAuts
     D:5: 1699 daAuts
     D:6: 1325 daAuts
     D:2: 1316 daAuts
     D:1: 1284 daAuts
     D:4: 1253 daAuts
     D:8: 757 daAuts
   Sewer: 626 daAuts
  Temple: 584 daAuts
     D:9: 544 daAuts
